 Dungeon Crawl Stone Soup version 0.16.1-11-g651b585 (webtiles) character file.

1112 karlm the Quickloader (level 8, -10/67 HPs)
             Began as a Centaur Hunter on Apr 5, 2015.
             Mangled by a gnoll
             ... wielding a +0 halberd of venom
              (14 damage)
             ... on level 4 of the Dungeon.
             The game lasted 00:30:36 (11777 turns).

karlm the Quickloader (Centaur Hunter)             Turns: 11777, Time: 00:30:36

Health: -10/67     AC:  8    Str: 15    XL:     8   Next: 11%
Magic:  6/6        EV:  9    Int: 10    God:
Gold:   170        SH:  0    Dex: 12    Spells: 0 memorised, 7 levels left

rFire  + . .     SeeInvis .     B - -2 whip (curse)
rCold  . . .     Clarity  .     w - +3 ring mail {rF+}
rNeg   . . .     SustAb   .     (no shield)
rPois  .         Gourm    .     (no helmet)
rElec  .         Spirit   .     (no cloak)
rCorr  .         Warding  .     (no gloves)
rMut   .         Stasis   .     (no barding)
MR     .....                    (no amulet)
Stlth  +.........               (no ring)
                                n - ring of wizardry

@: lethally poisoned (-10 -> -50), very quick, not resistant to hostile
enchantments, very unstealthy
A: hooves 3, deformed body, speed 2, tough skin 3
a: no special abilities


You were on level 4 of the Dungeon.
You were hungry.

You visited 1 branch of the dungeon, and saw 4 of its levels.

You collected 170 gold pieces.

Inventory:

Hand weapons
 b - a +1 hand crossbow
 y - a +0 halberd
 z - a +0 falchion of electrocution
 A - a +2 whip of venom
 B - a cursed -2 whip (weapon)
Missiles
 c - 11 bolts
 d - 4 tomahawks (quivered)
 h - 17 poisoned needles
 s - a throwing net
 x - 33 stones
Armour
 l - a +0 large shield
 w - a +3 ring mail of fire resistance (worn)
Jewellery
 g - an uncursed ring of ice
 n - a ring of wizardry (left hand)
Magical devices
 i - a wand of digging (6)
 t - a wand of lightning (3)
 u - a wand of teleportation (0)
Scrolls
 a - a scroll of teleportation
 e - a scroll of immolation
 p - 3 scrolls of identify
 q - a scroll of random uselessness
Potions
 j - 2 potions of heal wounds
 k - a potion of cancellation {unknown}
 m - a potion of agility {unknown}
 v - a potion of restore abilities {unknown}
Comestibles
 f - 3 bread rations


   Skills:
 + Level 4.9 Fighting
 * Level 8.0 Crossbows
 + Level 3.6 Dodging
 - Level 2.6 Stealth


You had 7 spell levels left.
You didn't know any spells.

Dungeon Overview and Level Annotations

Branches:
Dungeon (4/15)
 Temple: D:4-7

Altars:


Innate Abilities, Weirdness & Mutations

You have hooves in place of feet.
Armour fits poorly on your strangely shaped body.
You cover ground very quickly.
You have extremely tough skin (AC +3).


Message History

The gnoll is almost dead.
* * * LOW HITPOINT WARNING * * *
You feel very sick. The gnoll barely misses you. The gnoll hits you.
* * * LOW HITPOINT WARNING * * *
You hit the gnoll but do no damage. Your kick misses the gnoll.
The gnoll is almost dead.
* * * LOW HITPOINT WARNING * * *
You feel very sick.
The gnoll hits you with a halberd of venom!
* * * LOW HITPOINT WARNING * * *
You are more poisoned.
The gnoll barely misses you.
You closely miss the gnoll.
The gnoll is severely wounded.
* * * LOW HITPOINT WARNING * * *
You feel very sick. The gnoll completely misses you.
The gnoll hits you with a halberd of venom!
You die...

.# o..# ......#.'....#.# .###'##
gg....#.##g###.# ......#
g....#.#...g..# ......#
..g..'.#...g..#
.##############################)#
.#...........#....#...........#g#
.)...........'....).......g...')#
'#...........#..gg#...........#'#
.#############''@'#############..
.#............)...............#..
##≈≈≈≈≈≈≈≈≈≈≈≈.)..≈≈≈≈≈≈≈≈≈≈≈≈###
≈≈≈≈≈≈≈≈≈≈≈≈≈≈)...≈≈≈≈≈≈≈≈≈≈≈≈≈≈≈
≈≈≈≈≈≈≈≈≈≈≈≈≈≈....≈≈≈≈≈≈≈≈≈≈≈≈≈≈≈
...................).............
......................>##########
########[#####.#########.....#...
#)# #.# #.#.###.##


You could see 2 gnolls.

Vanquished Creatures
  Sigmund (D:3)
  2 orc priests (D:4)
  4 orc wizards
  2 hounds (D:3)
  An iguana (D:4)
  3 gnoll shamans (D:4)
  3 worker ants
  Terence (D:3)
  43 gnolls
  7 adders
  7 giant geckos
  20 orcs
  2 bat skeletons (D:4)
  13 hobgoblins
  12 jackals
  4 quokkas (D:3)
  12 bats
  6 giant cockroaches
  5 giant newts
  5 goblins
  7 kobolds
  12 rats
172 creatures vanquished.

Notes
Turn   | Place    | Note
--------------------------------------------------------------
     0 | D:1      | karlm, the Centaur Hunter, began the quest for the Orb.
     0 | D:1      | Reached XP level 1. HP: 17/17 MP: 1/1
   578 | D:1      | Reached XP level 2. HP: 22/24 MP: 2/2
  1235 | D:2      | Reached XP level 3. HP: 30/30 MP: 3/3
  1543 | D:1      | Reached skill level 5 in Crossbows
  1543 | D:1      | Reached skill level 1 in Stealth
  2364 | D:1      | Reached XP level 4. HP: 32/37 MP: 3/3
  3155 | D:3      | Noticed Terence
  3243 | D:3      | Noticed Sigmund
  3436 | D:3      | Killed Sigmund
  3436 | D:3      | Reached XP level 5. HP: 43/45 MP: 4/4
  3885 | D:3      | Killed Terence
  3885 | D:3      | Reached skill level 6 in Crossbows
  4074 | D:3      | Reached XP level 6. HP: 27/51 MP: 5/5
  6754 | D:3      | Reached XP level 7. HP: 59/59 MP: 5/5
  7350 | D:4      | Reached skill level 7 in Crossbows
 10783 | D:3      | Reached XP level 8. HP: 60/67 MP: 6/6
 11305 | D:4      | Reached skill level 8 in Crossbows
 11777 | D:4      | Mangled by a gnoll

Action                   |  1- 3 |  4- 6 |  7- 9 || total
-------------------------+-------+-------+-------++-------
Melee: Unarmed           |   129 |   435 |   458 ||  1022
       Whip              |       |       |    33 ||    33
       Falchion          |       |       |    24 ||    24
 Fire: Hand crossbow     |    32 |   103 |    67 ||   202
       Arbalest          |       |       |     1 ||     1
  Use: Scroll            |     2 |       |     4 ||     6
  Eat: Chunk             |     3 |    13 |    15 ||    31
